 Dungeon Crawl Stone Soup version 0.23-a0-517-gb7c078159a (webtiles) character file.

508 Kriby the Digger (level 7, 0/41 HPs)
             Began as an Octopode Earth Elementalist on Dec 6, 2018.
             Slain by an orc
             ... wielding a +0 flail
              (9 damage)
             ... on level 4 of the Dungeon.
             The game lasted 00:04:35 (3948 turns).

Kriby the Digger (Octopode Earth Elementalist)      Turns: 3948, Time: 00:04:35

Health: 0/41       AC:  1    Str:  8    XL:     7   Next: 18%
Magic:  4/13       EV: 13    Int: 19    God:
Gold:   188        SH:  0    Dex: 12    Spells: 5/14 levels left

rFire    . . .     SeeInvis .   d - +0 dagger
rCold    . . .     Gourm    .   (no shield)
rNeg     . . .     Faith    .   (helmet restricted)
rPois    .         Spirit   .   (no amulet)
rElec    .         Reflect  .   (no ring)
rCorr    .         Harm     .   (no ring)
MR       .....                  (no ring)
Stlth    +++.......             (no ring)
HPRegen  0.13/turn              (no ring)
MPRegen  0.13/turn              (no ring)
                                (no ring)
                                (no ring)

@: about to teleport
A: almost no armour, stealthy swim, amphibious, 8 rings, constrict 8, camouflage
1, gelatinous body 1
a: no special abilities


You were on level 4 of the Dungeon.
You were hungry.

You visited 1 branch of the dungeon, and saw 4 of its levels.

You collected 188 gold pieces.

Inventory:

Hand Weapons
 d - a +0 dagger (weapon)
Missiles
 n - 21 stones (quivered)
Armour
 b - a +0 shield
Jewellery
 k - a cursed ring of teleportation {unknown}
Scrolls
 e - 7 scrolls of identify {unknown}
 h - a scroll of noise {unknown}
 i - a scroll of enchant weapon {unknown}
 j - a scroll of fog {unknown}
 m - 2 scrolls of magic mapping
 p - a scroll of enchant armour {unknown}
 q - a scroll of remove curse {unknown}
 r - a scroll of fear {unknown}
Potions
 a - a potion of cancellation
 l - a potion of resistance {unknown}
 o - a potion of lignification {unknown}
Comestibles
 c - 12 rations {@e1}


   Skills:
 - Level 2.0 Dodging
 - Level 2.6 Stealth
 + Level 4.2 Spellcasting
   Level 1.0 Transmutations
 * Level 6.7 Earth Magic


You had 5 spell levels left.
You knew the following spells:

 Your Spells              Type           Power        Failure   Level  Hunger
a - Sandblast             Erth           ####..       1%          1    None
b - Lee's Rapid Deconstr  Erth           ####......   24%         5    ######.
d - Stone Arrow           Conj/Erth      ###...       10%         3    ###....

Your spell library contained the following spells:

 Spells                   Type           Power        Failure   Level  Hunger
 Passwall                 Tmut/Erth      ###.....     4%          2    #......
 Petrify                  Tmut/Erth      ###.....     26%         4    ####...


Dungeon Overview and Level Annotations

Branches:
Dungeon (4/15)
 Temple: D:4-7

Altars:
Elyvilon
Gozag
Kikubaaqudgha
Okawaru
Qazlal
Ru
Sif Muna
Trog


Innate Abilities, Weirdness & Mutations

You cannot wear most types of armour.
You are very stealthy in the water. (Stealth+)
You are amphibious.
You can wear up to eight rings at the same time.
You can use your tentacles to constrict eight enemies at once.
Your skin changes colour to match your surroundings (Stealth+).
Your rubbery body absorbs attacks. (AC +1, EV +1)


Message History

The stone arrow hits the orc wizard.
You kill the orc wizard!
The orc warrior barely misses you.
An iron imp comes into view.
The iron imp shouts!
The orc throws a stone.
The stone hits you.
You see here a stone.
Casting: Stone Arrow (safe; 10% risk of failure)
Confirm with . or Enter, or press ? or * to list all spells.
You don't have enough magic to cast that spell.
As you read the scroll of teleportation {@r3}, it crumbles to dust.
You feel strangely unstable.
The orc throws a stone.
The stone barely misses you.
An orc comes into view. It is wielding a +0 falchion.
The orc warrior hits you from afar with a +0 glaive!!
* * * LOW HITPOINT WARNING * * *
An iron imp comes into view.
The orc shouts!
The orc hits you with a +0 flail!
You die...

*,*.#.#.#.#....,,#.....######.# #
,*,*....,#.#...#####.....# #.# #
*,*,*..,*.#.#...8#8..###.# #.#
,*,*,,,,,#.#.#.#.#'#.# #.# #.#
*,*,*,*,*+#.#.#.#.#.## #.# #.#
,*,*,*,*,.,#.#.#o#.#.# #.# #.###
*,*,*,*+,..'#o..#(#.####.# #....
<*,**,,,.......oo(##.....# #..##
*****,,,........@.######## #....
,,,,*,,...........#..#########'##
*****,,...........##.............
****,,....≈......##.............
*,,*,,..≈≈8§§....#..............
**,,*,,,≈§≈§§§≈...############'##
,,,,*,,≈≈5...5≈≈..# #...
,,,,*,≈≈,,,...$≈≈.# ####
,,,,*,≈≈,,,_,,,≈≈,*


You could see 2 iron imps and 3 orcs.

Vanquished Creatures
  Sigmund (D:2)
  A scorpion (D:4)
  A howler monkey (D:4)
  A crimson imp (D:2)
  A hound (D:4)
  An orc priest (D:4)
  An orc wizard (D:4)
  4 adders
  An adder skeleton (D:4)
  3 worms (D:2)
  2 dart slugs
  2 leopard geckos (D:4)
  3 orcs (D:4)
  12 giant cockroaches (D:2)
  6 goblins
  4 hobgoblins
  7 jackals
  15 kobolds
  2 quokkas
  3 ball pythons
  3 bats
  4 frilled lizards
  A quokka skeleton (D:4)
  5 rats
84 creatures vanquished.

Notes
Turn   | Place    | Note
-------+----------+-------------------------------------------
     0 | D:1      | Kriby the Octopode Earth Elementalist began the quest for
                  | the Orb.
     0 | D:1      | Reached XP level 1. HP: 11/11 MP: 3/3
   144 | D:1      | Reached XP level 2. HP: 17/17 MP: 0/5
   859 | D:2      | Noticed a crimson imp
   864 | D:2      | Killed a crimson imp
   864 | D:2      | Reached skill level 4 in Earth Magic
   864 | D:2      | Reached XP level 3. HP: 21/21 MP: 2/7
   865 | D:2      | Reached XP level 4. HP: 27/27 MP: 1/8
  1006 | D:2      | Noticed Sigmund
  1011 | D:2      | Killed Sigmund
  1011 | D:2      | Reached skill level 5 in Earth Magic
  1011 | D:2      | Reached XP level 5. HP: 8/31 MP: 3/10
  1011 | D:2      | Reached XP level 6. HP: 9/36 MP: 3/11
  1796 | D:2      | Found an iron altar of Okawaru.
  1796 | D:2      | Found a faded altar of an unknown god.
  1802 | D:2      | Found a faded altar of an unknown god.
  1804 | D:2      | Found a sacrificial altar of Ru.
  1805 | D:2      | Found a deep blue altar of Sif Muna.
  2110 | D:3      | Found a stormy altar of Qazlal.
  2213 | D:3      | Found a white marble altar of Elyvilon.
  2818 | D:4      | Reached skill level 6 in Earth Magic
  3263 | D:4      | Reached XP level 7. HP: 38/41 MP: 10/13
  3575 | D:4      | Learned a level 3 spell: Stone Arrow
  3581 | D:4      | Learned a level 5 spell: Lee's Rapid Deconstruction
  3631 | D:4      | Found an ancient bone altar of Kikubaaqudgha.
  3641 | D:4      | Found an opulent altar of Gozag.
  3932 | D:4      | Found a bloodstained altar of Trog.
  3948 | D:4      | Slain by an orc

Vault maps used:
D:1:      lightli_arrival_quake
D:2:      minmay_roachtagon, chequers_temple_overflow_minitemple, first_ration,
          nrook_loot_triangle, uniq_sigmund
D:3:      elyvilon_altar_4, nicolae_overflow_hidden_temple, grunt_ministairs_13
D:4:      demons_altar, nicolae_overflow_quartered_altars

Skill      XL: |  1  2  3  4  5  6 |
---------------+-------------------+-----
Earth Magic    | 4 5 6 |  6.7
Spellcasting   | 3 4 |  4.2
Dodging        | |  2.0
Stealth        | |  2.6
Transmutations | |  1.0

Action                   |  1- 3 |  4- 6 |  7- 9 || total
-------------------------+-------+-------+-------++-------
Melee: Tentacles         |     3 |     1 |       ||     4
       Unarmed           |     3 |       |       ||     3
       Constrict         |     1 |     1 |       ||     2
       Dagger            |       |     7 |       ||     7
 Cast: Sandblast         |    23 |    80 |    17 ||   120
       Stone Arrow       |       |       |     5 ||     5
  Use: Potion            |       |     3 |       ||     3
       Scroll            |       |       |     3 ||     3
 Stab: Sleeping          |       |     2 |       ||     2
  Eat: Chunk             |       |     7 |     2 ||     9
Armor: Skin              |       |     4 |       ||     4
Dodge: Dodged            |     5 |    37 |    11 ||    53

Table legend:
 A = Non-vault XP
 B = Vault XP
 C = Vault XP percentage of total XP
 D = Non-vault monster count
 E = Vault monster count
 F = Vault count percentage of total count
                 A         B        C        D         E       F
            +---------+---------+-------+---------+---------+-------
      Total |     469 |     257 |  35.4 |      70 |      14 |  16.7
            +---------+---------+-------+---------+---------+-------
        D:1 |      23 |       0 |   0.0 |      13 |       0 |   0.0
        D:2 |      87 |     253 |  74.4 |      20 |      12 |  37.5
        D:3 |      61 |       4 |   6.2 |      17 |       2 |  10.5
        D:4 |     298 |       0 |   0.0 |      20 |       0 |   0.0
            +---------+---------+-------+---------+---------+-------
